 Dungeon Crawl Stone Soup version 0.30-a0-585-g93115170b9 (webtiles) character file.

Game seed: 7722914481758930277

26 MineK the Cutter (level 3, 28/28 HPs)
             Began as a Gnoll Wanderer on Jan 2, 2023.
             Quit the game on level 1 of the Dungeon.
             The game lasted 00:02:12 (722 turns).

MineK the Cutter (Gnoll Wanderer)                    Turns: 722, Time: 00:02:13

Health: 28/28      AC:  6    Str:  9    XL:     3   Next: 8%
Magic:  7/7        EV: 10    Int: 15    God:
Gold:   94         SH:  0    Dex: 11    Spells: 6/7 levels left

rFire   . . .      SeeInvis +    a - +2 short sword
rCold   . . .      Faith    .    (no shield)
rNeg    . . .      Spirit   .    b - +0 ring mail
rPois   .          Reflect  .    (no helmet)
rElec   .          Harm     .    (no cloak)
rCorr   .          Rampage  .    (no gloves)
Will    .....                    (no boots)
Stlth   +                        (no amulet)
HPRegen 0.24/turn                d - ring of see invisible
MPRegen 0.10/turn                (no ring)

@: no status effects
A: fangs 1, strong nose, distributed training
a: no special abilities


You were on level 1 of the Dungeon.
You visited 1 branch of the dungeon, and saw 1 of its levels.

You collected 94 gold pieces.

Inventory:

Hand Weapons
 a - a +2 short sword (weapon)
Armour
 b - a +0 ring mail (worn)
Jewellery
 d - a ring of see invisible (left hand)
Scrolls
 e - 2 scrolls of identify {unknown}
 f - a scroll of magic mapping {unknown}
Potions
 c - a potion of lignification
 g - a potion of heal wounds {unknown}
 h - a potion of curing {unknown}


   Skills:
 + Level 2.5 Fighting
 + Level 6.5 Short Blades
 + Level 0.6 Long Blades
 + Level 0.6 Axes
 + Level 0.6 Maces & Flails
 + Level 0.6 Polearms
 + Level 0.6 Staves
 + Level 0.6 Ranged Weapons
 + Level 0.6 Throwing
 + Level 4.5 Armour
 + Level 2.5 Dodging
 + Level 0.6 Stealth
 + Level 0.6 Shields
 + Level 0.6 Unarmed Combat
 + Level 2.8 Spellcasting
 + Level 0.4 Conjurations
 + Level 0.4 Hexes
 + Level 0.4 Summonings
 + Level 0.4 Necromancy
 + Level 0.4 Translocations
 + Level 0.4 Transmutations
 + Level 0.4 Fire Magic
 + Level 0.4 Ice Magic
 + Level 3.7 Air Magic
 + Level 0.4 Earth Magic
 + Level 0.4 Poison Magic
 + Level 0.8 Invocations
 + Level 0.6 Evocations


You had 6 spell levels left.
You knew the following spells:

 Your Spells              Type           Power      Damage    Failure   Level
a - Shock                 Conj/Air       32%        1d5       22%         1

Your spell library contained the following spells:

 Spells                   Type           Power      Damage    Failure   Level
 Mephitic Cloud           Conj/Pois/Air  6%         N/A       63%         3


Dungeon Overview and Level Annotations

Branches:
Dungeon (1/15)

Altars:


Innate Abilities, Weirdness & Mutations

You have very sharp teeth.
Your uncanny sense of smell can sniff out nearby items.
Your experience applies equally to all skills.


Message History

No target in view!
No target in view!
No target in view!
No target in view!
A ball python comes into view.
The ball python hisses angrily.
You barely miss the ball python.
You bite the ball python, but do no damage.
The ball python bites you but does no damage.
The ball python barely misses you.
You hit the ball python.
The ball python is moderately wounded.
You puncture the ball python!
You kill the ball python!
No target in view!
No target in view!
Found a robe.
No target in view!
No target in view!
No target in view!
You see here a +0 robe.
h - a smoky white potion A goblin comes into view.
It is wielding a +0 club.
The goblin shouts!
You closely miss the goblin. The goblin hits you but does no damage.
You miss the goblin. You hit the goblin.
The goblin is heavily wounded.
The goblin hits you but does no damage.
You hit the goblin.
You kill the goblin!
No target in view!
No target in view!
You now have 94 gold pieces (gained 13).
Things that are here:
a +0 club; a goblin corpse You enter the shallow water.
Moving in this stuff is going to be slow.
Done exploring.
Are you sure you want to abandon this character and quit the game? (Confirm with "yes".)

##...........###.# #..########.#
.#.####..##..# #.# #............
...# #..##..# #.# #..########.#
♣♣♣♣###..##..# #.# #..# #.#
P~~~♣....##..# #.# #..# #.#
~~~~♣>.......# #.# #..# #)#
~~~~♣##..###.# #.# #..# #.#
P~~~~♣#..###.# #.# #..# #.#
PP~~~~♣......# #@# #..# #.#
♣P..P.♣....### #.# #..# #.#
..~..~.....#####.# #..########.#
.................# #............
.~..~P~~♣..####### ##.......##.#
~~~~~P♣P♣..# #.###......#
P~~~~♣~....###########[# #.(.##.#
~♣~~♣♣###..............########..
♣♣♣♣♣ #...#####...............#


There were no monsters in sight!

Vanquished Creatures
  3 ball pythons (D:1)
  4 endoplasms (D:1)
  A giant cockroach (D:1)
  4 goblins (D:1)
  3 hobgoblins (D:1)
  A kobold (D:1)
  2 quokkas (D:1)
  2 bats (D:1)
  2 rats (D:1)
22 creatures vanquished.

Notes
Turn   | Place    | Note
-------+----------+-------------------------------------------
     0 | D:1      | MineK the Gnoll Wanderer began the quest for the Orb.
     0 | D:1      | MineK set off with the following items: a +2 short sword, a
                  | +0 ring mail, a potion of lignification; and the following
                  | spell memorised: Shock; and the following spells available
                  | to memorise: Mephitic Cloud.
     0 | D:1      | Reached XP level 1. HP: 17/17 MP: 4/4
   119 | D:1      | Reached XP level 2. HP: 17/23 MP: 5/5
   408 | D:1      | Reached XP level 3. HP: 26/28 MP: 7/7
   722 | D:1      | Quit the game

Illustrated notes

Levels and vault maps discovered:
D:1:      dpeg_arrival_rooms_c, layout_loops_ring, hangedman_decor_growths,
          serial_bayou_ford_a

Action                   || total
-------------------------++-------
Melee: Short sword       ||    67
       Bite              ||     6
Armor: Ring mail         ||    18
Dodge: Dodged            ||    22

Table legend: (Time is in decaauts)
 A = Elapsed time spent in this place.
 B = Non-inter-level travel time spent in this place.
 C = Inter-level travel time spent in this place.
 D = Time resting spent in this place.
 E = Time spent auto-exploring this place.
 F = Levels seen in this place.
 G = Mean time per level.
                   A        B        C        D        E       F      G
               +--------+--------+--------+--------+--------+-----+--------+
         Total |    709 |    709 |      0 |      0 |    602 |   1 |  709.0 |
       Dungeon |    709 |    709 |      0 |      0 |    602 |   1 |  709.0 |
               +--------+--------+--------+--------+--------+-----+--------+

Top non-repeatable levels by time:
     D:1: 709 daAuts
